 Dungeon Crawl Stone Soup version 0.27.1-35-g4d5d836560 (webtiles) character file.

Game seed: 11892151360303685733

956 nonceun the Cleaver (level 7, -3/61 HPs)
             Began as a Minotaur Berserker on Jan 22, 2022.
             Was a Priest of Trog.
             Slain by an ogre (22 damage)
             ... on level 5 of the Dungeon on Mar 10, 2022.
             The game lasted 00:20:15 (4337 turns).

nonceun the Cleaver (Minotaur Berserker)            Turns: 4337, Time: 00:20:16

Health: -3/61      AC:  9    Str: 23    XL:     7   Next: 91%
Magic:  6/6        EV:  9    Int:  4    God:    Trog [***...]
Gold:   93         SH:  0    Dex: 10    Spells: 6/6 levels left

rFire    . . .     SeeInvis .   a - +0 hand axe
rCold    . . .     Faith    .   (no shield)
rNeg     . . .     Spirit   .   j - +0 chain mail
rPois    .         Reflect  .   (helmet restricted)
rElec    .         Harm     .   (no cloak)
rCorr    .         Rampage  .   (no gloves)
Will     .....                  (no boots)
Stlth    ..........             (no amulet)
HPRegen  0.20/turn              (no ring)
MPRegen  0.10/turn              (no ring)

@: no status effects
A: horns 2, retaliatory headbutt
a: Renounce Religion, Berserk, Trog's Hand


You were on level 5 of the Dungeon.
You worshipped Trog.
Trog was most pleased with you.
You visited 1 branch of the dungeon, and saw 5 of its levels.

You collected 191 gold pieces.
You spent 98 gold pieces at shops.

Inventory:

Hand Weapons
 a - a +0 hand axe (weapon)
 t - a +4 spear
Missiles
 b - 109 stones (quivered)
 h - 4 poisoned darts
 i - 16 arrows
Armour
 j - a +0 chain mail (worn)
Scrolls
 c - 7 scrolls of identify {unknown}
 d - 2 scrolls of blinking {unknown}
 f - a scroll of noise {unknown}
 m - a scroll of brand weapon {unknown}
 p - a scroll of magic mapping {unknown}
 r - a scroll of teleportation {unknown}
 s - a scroll of enchant weapon {unknown}
Potions
 e - 3 potions of heal wounds {unknown}
 k - 2 potions of berserk rage {unknown}
 l - 4 potions of haste {unknown}
 n - a potion of flight
 o - 2 potions of curing
 q - a potion of lignification {unknown}


   Skills:
 + Level 5.5 Fighting
 * Level 9.5 Axes
 + Level 4.7 Armour
 + Level 3.0 Dodging


You had 6 spell levels left.
You didn't know any spells.
Your spell library contained the following spells:

 Spells                   Type           Power      Damage    Failure   Level
 Frozen Ramparts          Ice            0%         1d2       100%        3
 Ice Form                 Ice/Tmut       0%         N/A       100%        4
 Summon Ice Beast         Ice/Summ       0%         N/A       100%        4


Dungeon Overview and Level Annotations

Branches:
Dungeon (5/15)             Temple (0/1) D:4

Altars:
Uskayaw

Shops:
D:4 !


Innate Abilities, Weirdness & Mutations

You have a pair of horns on your head.
You reflexively headbutt those who attack you in melee.


Message History

You kill the jackal!
Trog accepts your kill. The jackal closely misses you.
You closely miss the jackal. The jackal bites you.
You miss the jackal.
You headbutt the jackal, but do no damage.
The jackal misses you. You furiously retaliate!
You headbutt the jackal. You closely miss the jackal.
The jackal is heavily wounded.
The jackal closely misses you.
You slash the jackal!
You kill the jackal!
Trog accepts your kill.
Things that are here:
a jackal corpse; a jackal corpse
There is an open door here.
Found a scroll labelled HUWIJU TYSUCLEX.
Found a flail.
An ogre comes into view. It is wielding a +0 giant spiked club.
You see here a scroll labelled HUWIJU TYSUCLEX.
c - 7 scrolls labelled HUWIJU TYSUCLEX (gained 1)
The ogre shouts!
You open the door.
There is an open door here.
You swing at nothing.
You close the door.
You start waiting.
Something unseen opens the door.
You barely miss the ogre. You hit the ogre but do no damage.
The ogre hits you with a +0 giant spiked club!
You hit the ogre.
The ogre is lightly wounded.
The ogre hits you with a +0 giant spiked club!!
You slash the ogre! You headbutt the ogre!
The ogre is severely wounded.
You hit the ogre but do no damage. Your headbutt misses the ogre.
The ogre is severely wounded.
The ogre hits you with a +0 giant spiked club!!
You die...

............[......#
...................#
#.................^#
#..................#
+..................#######
#......#'#########.......#
########..'......#.......#
#........#......O.......#
#........#.....@#.......#
#........#......#.......#
#........#......#.......#
#....##..##.###+#.......#
#....##..##+# ####O...#
#...>'....# #....#
#....#....# #....#
#....##!..# #....#
#....##...# #)...#


You could see an ogre.

Vanquished Creatures
  Pikel (D:4)
  A phantom (D:5)
  2 hounds
  A jelly (D:4)
  An orc priest (D:4)
  A bullfrog skeleton (D:5)
  3 iguanas
  3 gnolls (D:4)
  9 adders
  A white imp (D:5)
  An ufetubus (D:5)
  An adder skeleton (D:4)
  A worm (D:3)
  3 dart slugs
  5 orcs
  3 bats (D:3)
  5 endoplasms
  5 giant cockroaches
  4 goblins
  7 hobgoblins
  4 jackals (D:5)
  11 kobolds
  2 quokkas
  4 ball pythons
  4 frilled lizards
  5 rats
  A spectral goblin (D:2)
89 creatures vanquished.

Notes
Turn   | Place    | Note
-------+----------+-------------------------------------------
     0 | D:1      | nonceun the Minotaur Berserker began the quest for the Orb.
     0 | D:1      | Reached XP level 1. HP: 19/19 MP: 0/0
    73 | D:1      | Reached skill level 4 in Axes
    95 | D:1      | Reached XP level 2. HP: 25/26 MP: 1/1
   556 | D:2      | Reached skill level 5 in Axes
   556 | D:2      | Reached XP level 3. HP: 18/33 MP: 2/2
   849 | D:2      | Found a faded altar of an unknown god.
  1357 | D:2      | Upgraded the game from 0.27.1-34-g3ba077fa99 to
                  | 0.27.1-35-g4d5d836560
  1713 | D:3      | Reached ** piety under Trog
  1741 | D:3      | Reached XP level 4. HP: 40/40 MP: 3/3
  2167 | D:3      | Reached skill level 6 in Axes
  2252 | D:3      | Found a hide-covered altar of Uskayaw.
  2626 | D:3      | Reached XP level 5. HP: 46/46 MP: 4/4
  2785 | D:4      | Found Oseag's Distillery.
  2788 | D:4      | Bought a potion of flight for 42 gold pieces
  2788 | D:4      | Bought a potion of curing for 42 gold pieces
  2788 | D:4      | Bought a potion of degeneration for 14 gold pieces
  2825 | D:4      | Noticed Pikel
  2825 | D:4      | Noticed a lemure
  2846 | D:4      | Noticed a lemure
  2846 | D:4      | Noticed a lemure
  2851 | D:4      | Noticed a lemure
  2855 | D:4      | Killed Pikel
  2856 | D:4      | Reached skill level 8 in Axes
  2856 | D:4      | Reached XP level 6. HP: 55/55 MP: 5/5
  2856 | D:4      | Reached XP level 7. HP: 60/60 MP: 6/6
  2947 | D:4      | Found a staircase to the Ecumenical Temple.
  3011 | D:4      | Reached skill level 5 in Fighting
  3255 | D:4      | Reached skill level 9 in Axes
  3357 | D:4      | Reached *** piety under Trog
  4022 | D:5      | Entered Level 5 of the Dungeon
  4337 | D:5      | Slain by an ogre

Illustrated notes

Levels and vault maps discovered:
D:1:      psy_arrival_terrarium, layout_basic, chequers_serial_rivers_micro_b
D:2:      layout_loops_corners, dreamdust_ecumenical_altar_drowned_temple,
          minmay_misc_feat_more_columns, grunt_decor_mini_mirrors
D:3:      layout_loops_ring, mainiacjoe_overflow_alcove_2, serial_forest,
          infiniplex_forest_clump_tiny, infiniplex_forest_side_room,
          infiniplex_forest_lined_room_2, infiniplex_forest_lined_room_2,
          infiniplex_forest_corner_1, infiniplex_forest_straight_2
D:4:      layout_basic, minmay_temple_entry_stoned_glass, serial_shops,
          nicolae_stop_n_shop_2, uniq_pikel
D:5:      layout_gridville, ashenzari_altar_1, gammafunk_temple_overflow_wave,
          grunt_decor_junction, uniq_grinder

Skill      XL: |  1  2  3  4  5  6  7 |
---------------+----------------------+-----
Axes           | 4 5 6 8 9 |  9.5
Fighting       | 4 5 |  5.5
Armour         | 4 |  4.7
Dodging        | 3 |  3.0

Action                   |  1- 3 |  4- 6 |  7- 9 || total
-------------------------+-------+-------+-------++-------
Melee: Hand axe          |    66 |    68 |   118 ||   252
       Headbutt          |     8 |     8 |    24 ||    40
Throw: Stone             |       |     1 |       ||     1
Invok: Berserk           |       |     1 |       ||     1
Armor: Animal skin       |     5 |       |       ||     5
       Ring mail         |     2 |       |       ||     2
       Chain mail        |     1 |    34 |    36 ||    71
Dodge: Dodged            |    28 |    19 |    33 ||    80
